cohdb
Replays
Latest Replays
All Replays
Popular Replays
Top Player Replays
Match Explorer
How It Works
Community
CoH3 Stats
Reddit
Sign in to upload your games and track your stats! →
Sign in with Steam
Match 44497828
Unlisted
Match 44497828
Overview
Messages
Build Orders
End
Royal Engineer Section
Selects Canadian Shock Battlegroup
Vickers Machine Gun Team
Construct Section Command Post
ML 3-inch Mortar Team
Selects Offensive Resupply
Selects Canadian Shock Section
Canadian Shock Section
Canadian Shock Section
Construct Platoon Command Post
6-pounder Anti-tank Gun Team
CMP 15cwt Truck
6-pounder Anti-tank Gun Team
Selects Incendiary Munitions
Unlock Bishop Self-propelled Artillery
Canadian Shock Section
Bishop Self-propelled Artillery
Selects Pyrotechnics
Bishop Self-propelled Artillery
CMP 15cwt Truck
Canadian Shock Section
Selects Churchill Crocodile Heavy Tank
Canadian Shock Section
Selects Smoke Operation
Canadian Shock Section
Mattejoni
Evert Taube
DrewP
Dillbro
0
0
Comments
sign in to comment!
No comments posted yet!